Map: Pillars of Gold LE

Players

LiquidClem (Clem) - Winner!

  • Race: Terran Terran
  • Spawn Location: 1:00

ByuN

  • Race: Terran Terran
  • Spawn Location: 7:00

VOD

Have the link to the VOD?

Description

Time

  • Played on: Feb. 6, 2021, 8:42 a.m.
  • Length: 15:45
Show
View Real Time Build Order
Export as new Build Order

LiquidClem Terran - Winner!

Build Orders:  

Get SALT Encoding   

  12  0:00  SCV  
  13  0:12  SCV  
  14  0:17  Supply Depot  
  14  0:24  SCV  
  15  0:39  SCV  
  15  0:40  Barracks  
  16  0:45  Refinery  
  16  0:51  SCV  
  16  0:55  Refinery  
  17  1:03  SCV  
  18  1:15  SCV  
  19  1:27  Reaper, Orbital Command  
  19  1:29  Supply Depot  
  20  1:43  Factory  
  20  1:54  SCV  
  21  1:59  Reaper  
  22  2:06  SCV  
  23  2:18  Command Center  
  23  2:23  SCV  
  23  2:28  Hellion  
  26  2:31  Barracks Reactor  
  26  2:35  SCV  
  27  2:40  Starport  
  27  2:45  Supply Depot  
  27  2:50  SCV  
  28  2:52  Widow Mine  
  30  3:02  SCV  
  31  3:07  Marine x2  
  33  3:14  SCV, Factory Tech Lab  
  33  3:17  Medivac  
  36  3:21  Refinery  
  36  3:25  Marine x2  
  36  3:26  SCV  
  39  3:33  Orbital Command  
  39  3:38  SCV  
  40  3:42  Cyclone  
  40  3:47  Starport Tech Lab  
  43  3:49  Marine x2  
  43  3:52  SCV  
  46  3:58  Supply Depot  
  46  4:00  SCV  
  47  4:04  SCV  
  47  4:07  Raven  
  50  4:11  Marine x2  
  50  4:15  SCV  
  50  4:16  SCV  
  54  4:28  SCV x2  
  54  4:29  Marine x2  
  50  4:40  SCV x2  
  50  4:52  SCV x2  
  38  5:02  Raven  
  38  5:04  SCV  
  38  5:05  SCV  
  42  5:09  Siege Tank  
  45  5:14  Marine x2  
  45  5:16  SCV  
  45  5:17  SCV  
  49  5:23  Supply Depot  
  49  5:28  SCV  
  50  5:29  SCV  
  51  5:40  SCV  
  51  5:41  SCV, Siege Tank  
  56  5:45  Supply Depot  
  56  5:50  Marine  
  56  5:52  SCV  
  56  5:53  SCV  
  56  5:55  Viking x2  
  63  6:04  SCV  
  63  6:05  SCV  
  63  6:08  Marine  
  66  6:15  Siege Tank, Supply Depot  
  66  6:16  SCV  
  67  6:26  Marine  
  67  6:27  Viking  
  67  6:28  Viking  
  67  6:32  SCV x2  
  74  6:33  Supply Depot  
  74  6:40  Refinery  
  74  6:46  Marine  
  75  6:50  SCV  
  75  6:54  Siege Tank  
  75  6:57  SCV, Viking  
  75  6:58  Viking  
  78  7:07  Command Center, Marine  
  79  7:17  SCV  
  79  7:18  SCV  
  81  7:23  Supply Depot  
  81  7:25  Marine  
  81  7:27  Viking  
  81  7:28  Viking  
  81  7:29  SCV  
  87  7:30  SCV  
  87  7:35  Siege Tank  
  89  7:42  Marine  
  89  7:43  Barracks  
  88  7:44  SCV  
  88  7:45  SCV, Barracks  
  90  7:55  Supply Depot  
  90  7:57  SCV  
  89  8:00  Marine  
  89  8:02  Viking  
  89  8:04  Viking  
  94  8:07  Siege Tank  
  94  8:10  SCV  
  94  8:11  SCV  
  95  8:18  Marine  
  83  8:22  SCV  
  83  8:26  Barracks, Stimpack  
  81  8:27  Barracks  
  81  8:30  SCV, Marine  
  84  8:36  Marine  
  84  8:39  Siege Tank  
  84  8:41  Viking  
  89  8:44  Viking  
  89  8:46  Barracks Reactor  
  91  8:50  Barracks Reactor  
  91  8:52  SCV x2  
  93  8:56  Orbital Command  
  93  9:02  Marine  
  94  9:04  SCV x2  
  96  9:14  Siege Tank  
  97  9:19  Viking x2  
  97  9:20  Barracks Reactor x2  
  97  9:21  SCV x2, Marine  
  97  9:24  Marine x2  
  104  9:25  SCV  
  104  9:28  Marine  
  104  9:29  Supply Depot  
  104  9:30  Marine  
  109  9:33  SCV  
  109  9:34  SCV  
  109  9:37  SCV  
  112  9:39  Marine  
  112  9:42  Marine x2  
  112  9:45  SCV  
  116  9:46  SCV  
  116  9:49  SCV  
  116  9:50  Marine  
  119  9:55  Marine  
  119  9:57  Siege Tank  
  119  9:59  Marine  
  122  10:00  Marine x3  
  122  10:01  Medivac x2  
  122  10:03  Supply Depot  
  122  10:04  Supply Depot  
  122  10:06  Refinery  
  126  10:07  Marine, Refinery  
  126  10:09  Marine x2  
  126  10:12  Marine x2  
  129  10:17  Marine  
  129  10:21  Marine x3  
  123  10:25  Supply Depot, Marine, Combat Shield  
  126  10:29  Engineering Bay  
  126  10:32  Engineering Bay  
  126  10:34  Marine x2  
  128  10:35  Marine  
  128  10:36  Marine x2  
  128  10:41  Siege Tank  
  134  10:46  Marine  
  134  10:48  Marine  
  134  10:49  Marine  
  137  10:50  Marine  
  137  10:51  Marine  
  131  10:59  Medivac x2, Marine x2  
  131  11:00  Marine x2  
  131  11:04  Marine  
  131  11:06  Supply Depot, Marine  
  131  11:07  Marine  
  131  11:08  Terran Infantry Weapons Level 1, Marine  
  131  11:10  Terran Infantry Armor Level 1  
  135  11:13  Siege Tank  
  135  11:16  Marine  
  135  11:24  Marine x6  
  122  11:29  Medivac x2  
  122  11:31  Marine x2  
  128  11:34  Factory  
  128  11:35  Armory  
  128  11:41  Marine  
  128  11:44  Command Center, Sensor Tower  
  128  11:46  Siege Tank  
  132  11:49  Marine  
  132  11:50  Marine x2  
  132  11:51  Marine x2  
  137  11:55  Supply Depot  
  137  11:58  Marine  
  137  11:59  Marine  
  137  12:00  Barracks Reactor  
  139  12:03  Marine  
  139  12:07  Marine x2  
  139  12:08  Marine x2  
  143  12:09  Medivac, Marine  
  143  12:11  Medivac  
  149  12:16  Marine x2  
  149  12:18  Siege Tank  
  149  12:20  Marine  
  153  12:25  Marine x2  
  153  12:26  Terran Vehicle Weapons Level 1  
  153  12:27  Marine x2  
  157  12:34  SCV x3  
  160  12:37  Siege Tank, Marine x2  
  160  12:40  Marine x2  
  160  12:41  Marine x2  
  160  12:43  Marine  
  169  12:48  SCV  
  160  12:51  Marine x2  
  160  12:54  Siege Tank  
  160  12:55  Marine x3  
  168  13:01  Sensor Tower  
  168  13:05  Viking x2  
  172  13:10  Terran Infantry Weapons Level 2  
  170  13:16  Terran Infantry Armor Level 2  
  170  13:17  Marine x3  
  171  13:21  Marine  
  171  13:22  Marine  
  171  13:23  Marine  
  174  13:27  SCV  
  174  13:28  Siege Tank  
  174  13:31  Siege Tank  
  180  13:37  Marine x2  
  178  13:44  Marine  
  178  13:46  Marine x2  
  178  13:48  Marine  
  178  13:52  Planetary Fortress  
  178  14:00  Siege Tank  
  178  14:01  Supply Depot  
  164  14:03  Supply Depot, Marine x2, Siege Tank  
  164  14:07  Marine x8  
  177  14:10  Liberator  
  177  14:12  Viking  
  182  14:18  Supply Depot  
  166  14:24  Marine x2  
  166  14:25  Marine x2  
  166  14:26  Marine  
  166  14:27  Marine x2  
  166  14:29  Marine x2  
  173  14:32  Siege Tank  
  173  14:34  Marine  
  173  14:36  Siege Tank  
  175  14:42  Marine x2  
  175  14:43  Marine  
  175  14:45  Command Center  
  169  14:47  Marine x3  
  169  14:49  Marine x3  
  175  14:54  Liberator, Marine  
  179  15:00  Marine x2  
  179  15:04  Marine  
  179  15:05  Siege Tank  
  179  15:06  Marine x3  
  177  15:07  Marine  
  177  15:08  Siege Tank  
  175  15:16  Marine x2  
  175  15:18  Marine  
  175  15:19  Marine x2  
  163  15:22  Marine  
  163  15:24  Marine  
  157  15:31  Command Center  
Show
View Real Time Build Order
Export as new Build Order

ByuN Terran 

Build Orders: Gas First Reaper Expand 

Get SALT Encoding   

  12  0:00  SCV  
  13  0:12  SCV  
  14  0:18  Supply Depot  
  14  0:24  SCV  
  15  0:29  Refinery  
  15  0:39  SCV  
  16  0:45  Barracks  
  16  0:51  SCV  
  17  1:03  SCV  
  18  1:15  SCV  
  19  1:32  Reaper, Orbital Command  
  20  1:45  Command Center  
  20  1:55  Factory  
  20  1:59  SCV  
  21  2:07  Barracks Reactor, Refinery  
  21  2:12  SCV  
  22  2:17  Supply Depot  
  22  2:24  SCV  
  23  2:39  SCV, Starport, Hellion  
  23  2:43  Marine  
  27  2:44  Marine  
  27  2:51  SCV  
  29  2:57  Orbital Command  
  29  3:02  Marine x2  
  29  3:03  SCV  
  32  3:08  Widow Mine  
  34  3:15  SCV, Medivac  
  37  3:21  Supply Depot  
  37  3:23  Marine  
  37  3:24  Marine  
  39  3:30  SCV x2  
  39  3:32  Factory Tech Lab  
  41  3:39  Refinery  
  41  3:42  SCV  
  41  3:43  SCV  
  41  3:44  Marine  
  41  3:45  Marine  
  45  3:54  SCV  
  45  3:55  SCV  
  47  3:58  Supply Depot, Factory Tech Lab, Raven  
  49  4:04  Marine  
  49  4:06  Marine  
  49  4:07  SCV x2  
  53  4:15  Supply Depot  
  53  4:19  SCV  
  53  4:20  SCV, Cyclone  
  57  4:31  SCV  
  49  4:32  SCV  
  43  4:42  Marine x2  
  43  4:43  SCV  
  46  4:46  SCV  
  42  4:55  SCV  
  42  4:58  SCV  
  41  5:00  Marine  
  42  5:07  SCV, Raven  
  42  5:08  Marine  
  42  5:10  SCV  
  47  5:18  Marine  
  47  5:19  SCV  
  47  5:20  Siege Tank  
  52  5:22  SCV  
  53  5:31  SCV, Marine  
  53  5:34  SCV  
  56  5:36  Marine  
  57  5:43  SCV  
  57  5:46  SCV  
  57  5:49  Supply Depot  
  60  5:54  Siege Tank  
  60  5:55  SCV  
  63  5:58  SCV  
  63  6:01  Viking  
  63  6:02  Viking  
  63  6:04  Marine  
  68  6:08  SCV  
  68  6:10  SCV  
  68  6:11  Supply Depot  
  71  6:15  Stimpack  
  71  6:20  SCV  
  71  6:21  Marine  
  71  6:23  SCV  
  71  6:26  Siege Tank  
  71  6:32  SCV  
  75  6:35  SCV  
  75  6:37  Supply Depot  
  75  6:39  Marine  
  76  6:44  SCV  
  78  6:47  SCV  
  78  6:49  Viking x2  
  80  6:56  SCV  
  80  6:57  Marine  
  80  6:59  SCV  
  76  7:04  Siege Tank  
  76  7:08  SCV  
  80  7:16  SCV, Command Center  
  80  7:18  Refinery  
  80  7:20  SCV  
  82  7:24  Viking  
  82  7:25  Viking  
  87  7:33  Marine  
  87  7:39  Barracks  
  87  7:40  Barracks  
  85  7:45  Siege Tank  
  85  7:51  Marine  
  89  7:52  Engineering Bay  
  89  7:54  Engineering Bay  
  89  7:58  SCV x2  
  91  8:00  Viking x2  
  91  8:04  Combat Shield  
  94  8:10  SCV  
  90  8:17  Marine  
  80  8:22  Siege Tank  
  80  8:25  SCV x2  
  75  8:28  Barracks  
  75  8:29  Barracks Reactor  
  75  8:30  Barracks  
  70  8:35  Marine  
  70  8:37  SCV x2, Viking x2  
  77  8:48  Barracks Reactor  
  77  8:49  SCV x2  
  77  8:52  Terran Infantry Weapons Level 1, Orbital Command  
  79  9:01  SCV x2, Marine  
  82  9:03  Supply Depot, Terran Infantry Armor Level 1  
  81  9:13  SCV, Viking  
  81  9:14  SCV  
  85  9:19  Refinery  
  85  9:20  Viking, Refinery  
  87  9:26  SCV x2, Barracks Reactor  
  89  9:31  Barracks Reactor  
  89  9:32  Supply Depot x2, Marine  
  89  9:34  SCV  
  89  9:38  SCV x2, Marine  
  93  9:39  Marine x2  
  93  9:40  Marine  
  94  9:46  SCV  
  94  9:47  Siege Tank  
  94  9:49  Marine  
  94  9:50  SCV x2  
  94  9:52  Supply Depot  
  101  9:56  Marine x2  
  101  9:57  Marine x2  
  101  9:59  SCV  
  96  10:02  SCV  
  96  10:06  Marine x2  
  97  10:07  Marine  
  97  10:08  Marine x2  
  99  10:14  Marine x3  
  99  10:15  Marine  
  99  10:19  Siege Tank  
  102  10:22  Medivac  
  102  10:23  Marine  
  102  10:24  Marine  
  102  10:25  Marine  
  102  10:26  Marine x2  
  109  10:29  SCV x2  
  109  10:30  SCV  
  109  10:33  Marine x3  
  109  10:34  Armory  
  109  10:35  Marine  
  114  10:41  Supply Depot, Marine x2  
  116  10:43  Marine x2  
  116  10:44  Marine  
  116  10:46  Medivac  
  121  10:50  Marine x2  
  121  10:51  Siege Tank  
  121  10:53  Marine x2  
  121  10:59  Marine x2  
  121  11:01  Marine x3  
  124  11:06  Viking  
  124  11:08  Marine x2  
  124  11:10  Marine  
  124  11:11  Marine  
  130  11:17  Marine x2  
  132  11:18  Marine  
  132  11:19  Marine x2  
  132  11:23  Siege Tank  
  132  11:25  SCV x2  
  121  11:26  SCV, Marine x2  
  121  11:28  Marine x2  
  120  11:35  Marine x2  
  120  11:36  Marine  
  120  11:37  Marine x2  
  120  11:39  Terran Infantry Armor Level 2  
  125  11:44  Marine x2, Terran Infantry Weapons Level 2  
  127  11:52  Sensor Tower  
  127  11:53  Marine  
  127  11:54  Marine x4  
  128  11:59  Medivac x2  
  128  12:00  Siege Tank  
  139  12:07  Marine x2  
  141  12:12  Marine x7  
  148  12:19  Sensor Tower  
  148  12:34  Command Center  
  148  12:36  Marine  
  149  12:40  Supply Depot  
  149  12:41  Marine  
  149  12:49  Barracks Reactor  
  149  12:50  Marine  
  149  13:04  Supply Depot  
  149  13:05  SCV, Siege Tank, Marine x4  
  157  13:06  Supply Depot x2  
  157  13:08  Supply Depot  
  157  13:09  Supply Depot, Marine x2  
  157  13:10  SCV  
  157  13:11  Marine x2  
  155  13:16  Sensor Tower  
  154  13:23  Marine x3  
  154  13:24  Marine  
  154  13:26  SCV x2  
  154  13:27  Marine x2  
  154  13:29  Marine x2  
  154  13:30  SCV  
  153  13:36  Marine  
  153  13:38  SCV, Marine  
  153  13:40  Marine x3  
  159  13:42  Marine  
  159  13:45  SCV x2, Marine x2  
  159  13:46  Marine  
  158  13:49  Medivac x2  
  158  13:50  Siege Tank  
  158  13:51  SCV  
  165  13:57  SCV  
  165  14:02  Marine  
  146  14:03  Marine x2  
  146  14:04  Marine  
  146  14:05  Marine  
  146  14:07  SCV x2  
  146  14:08  Marine x2  
  146  14:09  SCV  
  153  14:13  Planetary Fortress  
  152  14:19  SCV x2  
  152  14:20  Marine x2  
  152  14:22  SCV  
  146  14:28  Marine x2  
  149  14:31  SCV x2  
  149  14:33  Marine  
  149  14:34  SCV  
  149  14:36  Siege Tank  
  148  14:39  Marine x2  
  148  14:41  Marine  
  148  14:42  Marine  
  149  14:48  Marine x2  
  149  14:50  Marine  
  149  14:51  Marine  
  153  15:03  Marine  
  153  15:04  Marine x4  
  153  15:05  Marine  
  153  15:07  Marine  
  153  15:08  Marine x2  
  144  15:17  Marine  
  115  15:21  Marine  
  115  15:22  Marine x4  
  115  15:27  SCV x2  
Tags
 
Add a new tag
Caveats
  • Supply blocks, unpowered buildings, or Contaminate may cause inaccurate times.
  • Supply counts are checked every 10 seconds.